 Dungeon Crawl Stone Soup version 0.30.0-13-g156ef70053 (webtiles) character file.

Game seed: 11481763259098889616

420 dialectric the Covered (level 6, -2/33 HPs)
             Began as a Vine Stalker Fighter on May 17, 2023.
             Slain by an ogre
             ... wielding a +0 giant spiked club
              (15 damage)
             ... on level 5 of the Dungeon.
             The game lasted 00:04:09 (3176 turns).

dialectric the Covered (Vine Stalker Fighter)       Turns: 3176, Time: 00:04:09

Health: -2/33      AC:  8    Str: 21    XL:     6   Next: 94%
Magic:  0/7        EV: 10    Int:  8    God:
Gold:   102        SH:  0    Dex: 13    Spells: 5/5 levels left

rFire   . . .        c - +2 short sword (vamp)
rCold   . . .        (no shield)
rNeg    . . .        b - +0 scale mail
rPois   .            q - +0 helmet
rElec   .            (no cloak)
rCorr   .            (no gloves)
SInv    .            (no boots)
Will    .....        l - amulet of magic regeneration Stlth
                     h - ring of flight
HPRegen 1.05/turn    (no ring)
MPRegen 0.50/turn

%: guardian spirit
@: flying
A: fangs 2, regeneration 1, magic shield, antimagic bite, no potion heal 2
a: no special abilities


You were on level 5 of the Dungeon.
You visited 1 branch of the dungeon, and saw 6 of its levels.

You collected 122 gold pieces.
You spent 20 gold pieces at shops.

Inventory:

Hand Weapons
 a - a +0 long sword
 c - a +2 vampiric short sword (weapon)
 u - the +4 dagger "Beastslayer" {spect, MP+9}
   (You took it off an orc on level 3 of the Dungeon)

   MP:        It affects your magic capacity (+9).
Armour
 b - a +0 scale mail (worn)
 q - a +0 helmet (worn)
Jewellery
 h - a ring of flight (left hand)
 l - an amulet of magic regeneration (around neck)
Wands
 p - a wand of iceblast (12)
Scrolls
 e - a scroll of amnesia {unknown}
 f - 3 scrolls of identify {unknown}
 i - a scroll of poison {unknown}
 m - a scroll of immolation {unknown}
 n - a scroll of magic mapping {unknown}
 v - a scroll of noise {unknown}
Potions
 d - a potion of might
 g - a potion of ambrosia {unknown}
 j - a potion of resistance {unknown}
 k - a potion of flight {unknown}
 o - 2 potions of heal wounds {unknown}
 r - a potion of cancellation {unknown}
 s - 2 potions of magic {unknown}
 t - a potion of degeneration {unknown}
 w - a potion of brilliance {unknown}


   Skills:
 * Level 3.7 Fighting
 + Level 2.9(3.3) Short Blades
 + Level 2.1(2.9) Long Blades
 + Level 4.4 Armour
 + Level 1.4 Dodging
 - Level 2.6 Shields


You had 5 spell levels left.
You didn't know any spells.
Your spell library was empty.

Dungeon Overview and Level Annotations

Branches:
Dungeon (6/15)
 Temple: D:4-7

Altars:
Elyvilon
Hepliaklqana
Kikubaaqudgha

Shops:
D:3 *


Innate Abilities, Weirdness & Mutations

You have extremely sharp teeth.
Your natural rate of healing is unusually fast.
When hurt, damage is shared between your health and your magic reserves.
Your bite disrupts and absorbs the magic of your enemies.
Potions cannot restore your health.


Message History

You hit the dart slug.
You kill the dart slug!
You feel sick.
You are no longer poisoned.
No target in view!
No target in view!
No target in view!
No target in view!
No target in view!
HP restored.
You now have 85 gold pieces (gained 1).
You now have 102 gold pieces (gained 17).
An ogre comes into view. It is wielding a +0 giant spiked club.
An ogre is nearby!
An ogre is nearby!
The ogre hits you with a +0 giant spiked club.
An ogre is nearby!
You puncture the ogre!
You feel better.
The ogre is moderately wounded.
You barely miss the ogre. You punch the ogre.
The ogre is heavily wounded.
The ogre barely misses you.
You hit the ogre.
The ogre is heavily wounded.
The ogre hits you with a +0 giant spiked club!!
Ouch! That really hurt!
* * * LOW HITPOINT WARNING * * *
You are too injured to fight recklessly!
You are too injured to fight recklessly!
You are too injured to fight recklessly!
You are too injured to fight recklessly!
You are too injured to fight recklessly!
You are too injured to fight recklessly!
You are too injured to fight recklessly!
You hit the ogre.
The ogre is severely wounded.
You hit the ogre.
You feel better.
The ogre is severely wounded.
The ogre hits you with a +0 giant spiked club!
You die...

#.# #..####.# #.#
#..####.####.###
#.#
#..#............
#.#
#..#.##.########
#.####..#.##.#
.............####
#...............#
....#..#####.# ##
#.@# #.# #.O# #.#
#..# #.# ...# #.#
##.## #.# #. #.#
#. #.# #.


You could see an ogre.

Vanquished Creatures
  2 wights (D:4)
  2 orc priests (D:3)
  Natasha (thrice) (D:3)
  Terence (D:2)
  5 adders
  3 gnolls (D:5)
  2 dart slugs
  4 orcs
  9 bats
  7 endoplasms
  4 giant cockroaches (D:1)
  6 hobgoblins
  2 jackals (D:1)
  5 kobolds
  7 quokkas
  4 ball pythons
  5 frilled lizards
  7 goblins
  7 rats
85 creatures vanquished.

Notes
Turn   | Place    | Note
-------+----------+-------------------------------------------
     0 | D:1      | dialectric the Vine Stalker Fighter began the quest for the
                  | Orb.
     0 | D:1      | Reached XP level 1. HP: 11/11 MP: 2/2
   243 | D:1      | Reached XP level 2. HP: 15/16 MP: 1/3
   516 | D:1      | Reached XP level 3. HP: 20/20 MP: 4/4
   590 | D:1      | Reached skill level 3 in Armour
   617 | D:1      | Found a faded altar of an unknown god.
  1051 | D:2      | Found a white marble altar of Elyvilon.
  1085 | D:2      | Reached skill level 1 in Short Blades
  1089 | D:2      | Gained mutation: Your natural rate of healing is unusually
                  | fast. [Vine Stalker growth]
  1089 | D:2      | Reached XP level 4. HP: 24/24 MP: 5/5
  1196 | D:2      | Noticed Terence
  1215 | D:2      | Killed Terence
  1566 | D:2      | Reached XP level 5. HP: 25/28 MP: 6/6
  1979 | D:3      | Found an ancient bone altar of Kikubaaqudgha.
  2154 | D:3      | Noticed Natasha
  2165 | D:3      | Killed Natasha
  2422 | D:3      | Reached skill level 1 in Dodging
  2423 | D:3      | Noticed Natasha
  2431 | D:3      | Killed Natasha
  2515 | D:3      | Identified the +4 dagger "Beastslayer" {spect, MP+9}
  2621 | D:5      | Entered Level 5 of the Dungeon
  2649 | D:4      | Reached skill level 4 in Armour
  2649 | D:4      | Reached XP level 6. HP: 14/32 MP: 4/7
  2735 | D:3      | Found a faded altar of an unknown god.
  2749 | D:3      | Found a hazy altar of Hepliaklqana.
  2807 | D:3      | Noticed Natasha
  2808 | D:3      | Found Lobliaf's Assorted Antiques.
  2823 | D:3      | Killed Natasha
  2846 | D:3      | Bought a scroll labelled SOICUA WOARY for 20 gold pieces
  3176 | D:5      | Slain by an ogre

Illustrated notes

Levels and vault maps discovered:
D:1:      dpeg_arrival_another_circle, layout_loops_cross,
          basic_ecumenical_altar
D:2:      layout_loops_corners, basic_altar, kennysheep_generic_room_12,
          uniq_terence
D:3:      layout_loops_corners, nicolae_overflow_ecumenical_swirl,
          nicolae_kikubaaqudgha_miasma_corner, serial_shops, shop,
          grunt_ministairs_10, minmay_misc_feat_rugged,
          kennysheep_cross_bottleneck, uniq_natasha
D:4:      layout_loops_ring, lemuel_zombie_altar_yredelemnul,
          mainiacjoe_overflow_concentric_impassable
D:5:      layout_loops_ring
D:6:      layout_gridville, ebering_ghost_gozag

Skill      XL: |  1  2  3  4  5 |
---------------+----------------+-----
Fighting       | 3 |  3.7
Long Blades    | 2 |  2.1
Armour         | 3 4 |  4.4
Short Blades   | 1 2 |  2.9
Dodging        | 1 |  1.4
Shields        | |  2.6

Action                     |  1- 3 |  4- 6 || total
---------------------------+-------+-------++-------
  Melee: Long sword        |    10 |       ||    10
         Short sword       |    97 |   168 ||   265
         Bite              |    21 |    45 ||    66
         Punch             |     1 |     2 ||     3
    Use: Potion            |       |     1 ||     1
 Armour: Scale mail        |    56 |    51 ||   107
  Dodge: Dodged            |    46 |    90 ||   136
